 Dungeon Crawl Stone Soup version 0.17.2-1-ge4368a0 (webtiles) character file.

17123 Goblin1989 the Grappler (level 12, -28/94 HPs)
             Began as a Demonspawn Fighter on Sept 27, 2016.
             Was an Elder of Qazlal.
             Annihilated by a white ugly thing (34 damage)
             ... on level 12 of the Dungeon.
             The game lasted 00:43:37 (10059 turns).

Goblin1989 the Grappler (Demonspawn Fighter)       Turns: 10059, Time: 00:43:37

Health: -28/94     AC: 21    Str: 25    XL:     12   Next: 16%
Magic:  19/19      EV:  5    Int:  9    God:    Qazlal [****..]
Gold:   235        SH: 18    Dex: 13    Spells: 1 memorised, 10 levels left

rFire  . . .     SeeInvis .       - Unarmed
rCold  . . .     Clarity  .     u - +0 plate armour
rNeg   + . .     SustAt   .     c - +1 shield
rPois  .         Gourm    .     n - +2 helmet
rElec  .         Spirit   .     (no cloak)
rCorr  .         Warding  .     (no gloves)
rMut   .         Stasis   .     E - +0 pair of boots (curse)
MR     +....                    (no amulet)
Stlth  ..........               y - ring of Ephemeral Luck {*Drain +Fly rN+ MR+ Str+3}
                                g - +5 ring of protection

@: repel missiles, somewhat resistant to hostile enchantments, extremely
unstealthy
A: claws 2, icy blue scales 2, deformed body, deterioration 1, sense
surroundings 1, regeneration 1, spiny 2
a: Upheaval, Elemental Force, Renounce Religion, Evoke Flight


You were on level 12 of the Dungeon.
You worshipped Qazlal.
Qazlal was greatly pleased with you.
You were very hungry.

You visited 1 branch of the dungeon, and saw 12 of its levels.
You also visited: Sewer and Bailey.

You collected 742 gold pieces.
You spent 507 gold pieces at shops.

Inventory:

Armour
 c - a +1 shield (worn)
 d - the +2 cloak of Incorporation {-Tele rF+ Str-2 SInv}
   (You bought it in a shop on level 7 of the Dungeon)

   It affects your strength (-2).
   It protects you from fire.
   It lets you see invisible.
   It prevents most forms of teleportation.
 n - a +2 helmet (worn)
 u - a +0 plate armour (worn)
 E - a cursed +0 pair of boots (worn)
Jewellery
 g - a +5 ring of protection (left claw)
 s - an uncursed ring of see invisible
 y - the ring of Ephemeral Luck (right claw) {*Drain +Fly rN+ MR+ Str+3}
   (You found it on level 9 of the Dungeon)

   [ring of protection from magic]

   It affects your strength (+3).
   It protects you from negative energy.
   It affects your resistance to hostile enchantments.
   It lets you fly.
   It causes draining when unequipped.
 G - an uncursed ring of sustain attributes
Wands
 a - a wand of digging (9)
 h - a wand of heal wounds (4) {@v2}
 v - a wand of fire (7)
 C - a wand of random effects (19)
 P - a wand of paralysis (11)
Scrolls
 f - 7 scrolls of remove curse {@r2}
 i - 3 scrolls of immolation {!r}
 j - 3 scrolls of enchant weapon {unknown}
 k - 3 scrolls of recharging
 q - a scroll of vulnerability {unknown}
 r - a scroll of random uselessness {unknown}
 t - 3 scrolls of silence {unknown}
 w - a scroll of acquirement {unknown}
 B - a scroll of blinking
 F - 2 scrolls of noise {unknown}
 I - a scroll of holy word {unknown}
 R - 2 scrolls of identify {@r1}
 T - 5 scrolls of teleportation {@r4}
Potions
 l - 4 potions of brilliance
 m - 3 potions of flight
 x - a potion of degeneration {unknown}
 A - 6 potions of curing {@q1}
Comestibles
 b - 3 royal jellies
 e - 7 bread rations
 o - 4 beef jerkies
 p - 2 fruits
 z - 5 meat rations


   Skills:
 + Level 8.6 Fighting
   Level 2.4 Maces & Flails
 + Level 8.0 Armour
 + Level 7.8 Shields
 * Level 10.9 Unarmed Combat
 + Level 10.5 Invocations


You had 10 spell levels left.
You knew the following spells:

 Your Spells              Type           Power        Failure   Level  Hunger
o - Apportation           Tloc           #.........   100%        1    ##.....


Dungeon Overview and Level Annotations

Branches:
Dungeon (12/15)            Temple (0/1) D:5            Lair (0/8) D:10
    Orc: D:9-12

Altars:
Elyvilon
Fedhas
Nemelex Xobeh
Qazlal
Ru
Xom
Yredelemnul
Zin

Shops:
D:5 }   D:7 [   D:10 [

Annotations:
D:8 Pikel


Innate Abilities, Weirdness & Mutations

You have very sharp fingernails.
You are mostly covered in icy blue scales (AC +3, EV -1).
You are mostly covered in sharp spines.
Armour fits poorly on your strangely shaped body.
Your body sometimes deteriorates upon taking damage.
You passively map a small area around you.
Your natural rate of healing is unusually fast.


Message History

The white ugly thing pecks you but does no damage.
The white ugly thing is struck by your spines.
The white ugly thing pecks you.
* * * LOW HITPOINT WARNING * * *
The white ugly thing freezes you!
* * * LOW HITPOINT WARNING * * *
There is a stone staircase leading up, spattered with blood here.
Unknown command.
Drink which item? (? for menu, Esc to quit)
Okay, then.
The white ugly thing is engulfed in roaring flames. x2
You block the white ugly thing's attack.
Things that are here:
a tomahawk; an orc corpse The white ugly thing is engulfed in roaring flames.
There is a stone staircase leading up here.
The white ugly thing pecks you.
* * * LOW HITPOINT WARNING * * *
The white ugly thing freezes you!!
You die... ਜਜ..ਜਜਜਜ ਜ.(...ਜ ▓ ਜ.(...ਜ ▓ ▓ ਜ.....ਜ ਜ§§...▲· ਜਜਜਜ

ਜ.<§..ਜ ▓ ··
..∆..ਜਜਜ.....ਜ
▓ ▓▓
▓ਜ...ਜu§...ਜ·
ਜ.@§....ਜ
ਜਜਜ.....ਜ▓ ▓


ਜਜਜਜਜਜਜ You could see a white ugly thing.

Vanquished Creatures
  The ghost of epen the Transmogrifier, a journeyman FoMo of Cheibriados (D:11)
  A yaktaur captain (D:9)
  A hydra (D:12)
  A deep elf knight (Bailey)
  The ghost of Goblin1989 the Grappler, a novice TrHu of Xom (D:11)
  3 skeletal warriors (D:12)
  The ghost of Goblin1989 the Basher, a novice DsFi of Okawaru (Bailey)
  The ghost of Goblin1989 the Grappler, a novice TrHu of Okawaru (D:5)
  2 hill giants
  An ugly thing (D:11)
  Joseph (D:7)
  An elephant (D:10)
  2 centaur skeletons (D:10)
  3 deep elf priests (Bailey)
  3 trolls
  A two-headed ogre (D:11)
  2 deep elf magi (Bailey)
  3 yaks (D:9)
  A basilisk (D:12)
  3 deep elf fighters (Bailey)
  2 wraiths (D:10)
  3 hungry ghosts
  4 ice beasts
  The ghost of pedritolo the Vexing, an amateur SpEn (D:4)
  2 water moccasins
  3 phantoms
  A necrophage (D:9)
  A sky beast (D:5)
  A black bear (D:8)
  4 ogres
  2 orc warriors
  3 centaurs
  2 crocodiles (D:10)
  2 big kobolds
  3 giant frogs
  6 scorpions
  A wyvern skeleton (D:10)
  13 killer bees
  A quasit (D:11)
  8 hounds
  A giant frog zombie (D:8)
  A centaur zombie (D:8)
  2 crimson imps
  A giant frog skeleton (D:11)
  2 jellies
  12 orc priests
  17 orc wizards
  A killer bee zombie (D:6)
  7 worker ants
  4 iguanas
  A sheep (D:10)
  2 hound skeletons
  7 gnolls (D:3)
  A worker ant zombie (D:4)
  17 adders
  A shadow imp (D:6)
  5 oozes (Sewer)
  An adder skeleton (D:9)
  4 worms
  57 orcs
  9 giant cockroaches
  4 hobgoblins
  9 jackals
  17 kobolds
  4 quokkas
  2 ball pythons (Sewer)
  19 bats
  10 giant geckos
  A giant gecko zombie (D:6)
  3 giant newts
  2 gnoll zombies (D:8)
  5 goblins
  2 quokka skeletons
  12 rats
  2 butterflies (D:5)
  2 plants (D:10)
343 creatures vanquished.

Notes
Turn   | Place    | Note
--------------------------------------------------------------
     0 | D:1      | Goblin1989 the Demonspawn Fighter began the quest for the Orb.
     0 | D:1      | Reached XP level 1. HP: 18/18 MP: 1/1
   385 | D:1      | Gained mutation: You have sharp fingernails. [demonic ancestry]
   385 | D:1      | Reached XP level 2. HP: 24/24 MP: 2/2
   616 | D:2      | Reached skill level 1 in Unarmed Combat
   680 | D:2      | Gained mutation: You are partially covered in icy blue scales (AC +1). [demonic ancestry]
   680 | D:2      | Reached XP level 3. HP: 18/29 MP: 3/3
   847 | D:2      | Found a stormy altar of Qazlal.
   875 | D:2      | Became a worshipper of Qazlal Stormbringer
  1010 | D:2      | Found a blossoming altar of Fedhas.
  1165 | D:2      | Gained mutation: You have very sharp fingernails. [demonic ancestry]
  1165 | D:2      | Reached XP level 4. HP: 16/35 MP: 4/4
  1962 | D:3      | Reached skill level 1 in Invocations
  1962 | D:3      | Gained mutation: You are mostly covered in icy blue scales (AC +3, EV -1). [demonic ancestry]
  1962 | D:3      | Reached XP level 5. HP: 32/41 MP: 5/5
  1975 | D:3      | HP: 1/41 [orc (4)]
  1977 | D:3      | Reached * piety under Qazlal
  2889 | D:3      | Reached XP level 6. HP: 47/47 MP: 7/7
  2976 | D:4      | Noticed pedritolo's ghost (amateur SpEn)
  3006 | D:4      | Killed pedritolo's ghost
  3006 | D:4      | Reached skill level 4 in Unarmed Combat
  3221 | D:4      | Got a creamy pearl robe
  3314 | D:4      | Found a glowing drain.
  3331 | Sewer    | Entered a sewer
  3336 | Sewer    | Reached ** piety under Qazlal
  3753 | Sewer    | Gained mutation: You are partially covered in sharp spines. [demonic ancestry]
  3753 | Sewer    | Reached XP level 7. HP: 48/53 MP: 7/9
  3935 | D:4      | You fall through a shaft!
  3935 | D:5      | Entered Level 5 of the Dungeon
  3951 | D:5      | Found a staircase to the Ecumenical Temple.
  4201 | D:5      | Noticed Goblin1989's ghost (novice TrHu)
  4228 | D:5      | Killed Goblin1989's ghost
  4228 | D:5      | Reached skill level 5 in Unarmed Combat
  4228 | D:5      | Gained mutation: You are mostly covered in sharp spines. [demonic ancestry]
  4228 | D:5      | Reached XP level 8. HP: 26/61 MP: 9/11
  4270 | D:5      | Found Nadghucs's Gadget Boutique.
  4319 | D:5      | Gained mutation: You passively map a small area around you. [mutagenic meat]
  4330 | D:5      | Identified the +2 robe "Adghenn" {rElec Str+6} (You took it off an orc on level 4 of the Dungeon)
  4516 | D:5      | Reached skill level 5 in Fighting
  4516 | D:5      | Reached skill level 5 in Invocations
  4970 | D:5      | jacquesderrida: Gonbil
  5012 | D:5      | jacquesderrida: Спрайт глитчевый, гремлин
  5012 | D:5      | jacquesderrida: У тебя тоже белые полоски оставляет за собой?
  5012 | D:5      | Goblin1989: chto???
  5012 | D:5      | Goblin1989: да
  5012 | D:5      | jacquesderrida: НУ СПРАЙТ
  5012 | D:5      | jacquesderrida: Хуева...
  5012 | D:5      | jacquesderrida: Что-то не так с ним, значит........
  5012 | D:5      | Goblin1989: да пофиг
  5120 | D:6      | Reached skill level 6 in Unarmed Combat
  5126 | D:6      | Reached skill level 5 in Armour
  5434 | D:6      | Reached XP level 9. HP: 68/68 MP: 13/13
  5708 | D:7      | Found a sparkling altar of Nemelex Xobeh.
  5709 | D:7      | Found a white marble altar of Elyvilon.
  5926 | D:7      | Noticed Joseph
  5947 | D:7      | Killed Joseph
  5947 | D:7      | Reached skill level 5 in Shields
  5947 | D:7      | Reached skill level 7 in Unarmed Combat
  6094 | D:7      | Found Arpho Zam's Antique Armour Shoppe.
  6102 | D:7      | Bought a crude cloak for 256 gold pieces
  6102 | D:7      | Bought a runed helmet for 121 gold pieces
  6107 | D:7      | Identified the +2 cloak of Incorporation {-Tele rF+ Str-2 SInv} (You bought it in a shop on level 7 of the Dungeon)
  6570 | D:8      | Found a flagged portal.
  6602 | Bailey   | Entered a bailey
  6602 | Bailey   | Noticed Goblin1989's ghost (novice DsFi)
  6632 | Bailey   | Killed Goblin1989's ghost
  6632 | Bailey   | Reached XP level 10. HP: 15/77 MP: 15/15
  6681 | Bailey   | Reached skill level 8 in Unarmed Combat
  6745 | Bailey   | Reached *** piety under Qazlal
  6996 | Bailey   | Noticed a deep elf knight
  6999 | Bailey   | Killed a deep elf knight
  7011 | Bailey   | Identified the Grimoire of Creative Unholy Arts
  7014 | Bailey   | Iwannabefree: >quazlal
  7014 | Bailey   | Iwannabefree: ni nu zhen
  7014 | Bailey   | Iwannabefree: day dump pls
  7014 | Bailey   | Goblin1989: вам че на русскую клаву переключиться впадлу всем?
  7057 | D:8      | Found a shimmering altar of Xom.
  7057 | D:8      | Found a sacrificial altar of Ru.
  7057 | D:8      | Noticed Pikel
  7167 | D:8      | Iwannabefree: huynu narollil, k sozhaleniu
  7352 | D:8      | Got a jewelled flail
  7431 | D:8      | Reached skill level 9 in Unarmed Combat
  7687 | D:8      | Found a basalt altar of Yredelemnul.
  7732 | D:8      | jacquesderrida: Я так для комического эффекта пишу...
  7734 | D:8      | jacquesderrida: Особенно когда слова на -ий кончаются
  7734 | D:8      | jacquesderrida: :-)
  7767 | D:8      | jacquesderrida: jaq the ironichesky
  7928 | D:9      | Got a translucent copper ring
  7966 | D:9      | Identified the ring of Ephemeral Luck {*Drain +Fly rN+ MR+ Str+3} (You found it on level 9 of the Dungeon)
  8148 | D:9      | Reached **** piety under Qazlal
  8188 | D:9      | Found a glowing silver altar of Zin.
  8529 | D:9      | Noticed a yaktaur captain
  8531 | D:9      | Reached XP level 11. HP: 84/84 MP: 17/17
  8543 | D:9      | Killed a yaktaur captain
  8610 | D:10     | Entered Level 10 of the Dungeon
  8670 | D:10     | Found a staircase to the Lair.
  8837 | D:10     | Found Yshural's Antique Armour Emporium.
  8854 | D:10     | Bought a pair of runed boots for 130 gold pieces
  8934 | D:10     | Noticed a hill giant
  8965 | D:10     | Killed a hill giant
  9013 | D:10     | Iwannabefree: так сложно сесть и начать что-то делать
  9237 | D:11     | Reached skill level 10 in Unarmed Combat
  9371 | D:11     | Gained mutation: Your body sometimes deteriorates upon taking damage. [mutagenic meat]
  9372 | D:11     | Gained mutation: Armour fits poorly on your strangely shaped body. [mutagenic meat]
  9373 | D:11     | Gained mutation: Your natural rate of healing is unusually fast. [mutagenic meat]
  9461 | D:11     | Iwannabefree: ??quazlal reasons
  9463 | D:11     | Learned a level 1 spell: Apportation
  9463 | D:11     | Iwannabefree: ??qazlal reasons
  9480 | D:11     | Iwannabefree: wtf bem
  9486 | D:11     | Identified a +0 rod of inaccuracy (13/13) (You found it on level 11 of the Dungeon)
  9704 | D:11     | Noticed epen's ghost (journeyman FoMo)
  9717 | D:11     | Killed epen's ghost
  9717 | D:11     | Reached skill level 10 in Invocations
  9782 | D:11     | Noticed Goblin1989's ghost (novice TrHu)
  9798 | D:11     | Killed Goblin1989's ghost
  9942 | D:12     | Noticed a hill giant
  9949 | D:12     | Noticed an eight-headed hydra
  9950 | D:12     | Killed a hill giant
  9962 | D:12     | Killed an eight-headed hydra
  9962 | D:12     | Reached XP level 12. HP: 27/94 MP: 19/19
  9995 | D:12     | Noticed a skeletal warrior
 10003 | D:12     | Noticed a skeletal warrior
 10005 | D:12     | Noticed a skeletal warrior
 10005 | D:12     | Killed a skeletal warrior
 10015 | D:12     | Killed a skeletal warrior
 10032 | D:12     | Killed a skeletal warrior
 10048 | D:12     | HP: 4/94 [white ugly thing (16)]
 10059 | D:12     | Annihilated by a white ugly thing

Action                   |  1- 3 |  4- 6 |  7- 9 | 10-12 || total
-------------------------+-------+-------+-------+-------++-------
Melee: Flail             |   135 |       |       |       ||   135
       Unarmed           |       |   296 |   290 |   468 ||  1054
Invok: Upheaval          |       |       |       |     2 ||     2
Evoke: Wand              |       |       |       |     1 ||     1
  Use: Potion            |       |     3 |     1 |     2 ||     6
       Scroll            |       |     9 |     8 |       ||    17
  Eat: Chunk             |     1 |     8 |    12 |    16 ||    37

Vault maps used:
D:1:      minmay_arrival_three_doors
D:2:      fedhas_altar_2, grunt_qazlal_sundering
D:4:      portal_sewer_entry_f, first_bread
D:5:      minmay_temple_entry_butterflies, serial_shops, shop
D:7:      gammafunk_temple_overflow_pools, serial_shops, shop, uniq_joseph
D:8:      lemuel_zombie_altar_yredelemnul, nicolae_overflow_hidden_temple,
          enter_bailey_2, uniq_pikel
D:9:      boulder_indie, kennysheep_mini, kennysheep_just_a_vault
D:10:     david_lair_generic, serial_shops, shop
D:12:     david_orc_3, hangedman_pestilent_swarm
Sewer:    sewer_fruit_machine
Bailey:   bailey_polearm_3, bailey
